AoeStats
← Ghost

Fortress

509527951Analyzed
2v2 RM · 6d ago on Sep 27, 2026· 34m 49s· 4 players
Game mode
Random Map
Map size
Normal (6 player)
Population
200
Speed
Normal
Resources
Standard
Victory
Conquest
Starting age
Dark Age
Ending age
Imperial Age
RankedLock teamsTeams togetherTeam positionsShared explorationLock speedFull tech treeHidden civsTurbo modeCheats
Victory
Defeat
🇺🇸 Chinese · United States
878
+17
🇺🇸 Burgundians · United States
847
+18
🇦🇷 Slavs · Argentina
904
-18
🇹🇼 Chinese · Taiwan
872
-17
Ghost
5:11 Double-Bit Axe
8:19 Feudal Age
6:49 Horse Collar
7:01 Loom
8:05 Gold Mining
11:14 Bow Saw
13:01 Gold Shaft Mining
15:48 Castle Age
16:35 Gold Shaft Mining
16:03 Heavy Plow
18:25 Scale Barding Armor
18:30 Forging
17:49 Cavalier
18:29 Husbandry
19:42 Two-Man Saw
23:41 Iron Casting
23:26 Chain Barding Armor
24:27 Stone Mining
25:18 Crop Rotation
33:32 Imperial Age
34:01 Paladin
Quack Y Attack
1:04 Loom
7:51 Feudal Age
12:24 Castle Age
10:19 Double-Bit Axe
10:33 Horse Collar
13:33 Bow Saw
15:33 Heavy Plow
15:30 Gold Mining
15:51 Fletching
17:16 Stone Mining
19:13 Bodkin Arrow
20:37 Padded Archer Armor
22:06 Leather Archer Armor
22:38 Wheelbarrow
21:48 Town Watch
26:09 Imperial Age
24:21 Hand Cart
26:22 Elite Chu Ko Nu
28:30 Rocketry
29:17 Chemistry
28:45 Bracer
29:50 Ballistics
30:17 Town Patrol
34:01 Conscription
Fa Mu Lan
1:42 Loom
8:59 Feudal Age
10:12 Double-Bit Axe
10:09 Horse Collar
15:39 Castle Age
15:34 Gold Mining
15:35 Stone Mining
18:54 Gold Shaft Mining
18:24 Light Cavalry
19:36 Fletching
20:31 Fervor
21:31 Stone Shaft Mining
21:44 Bow Saw
24:25 Wheelbarrow
24:42 Wheelbarrow
24:24 Town Watch
25:52 Ballistics
25:28 Murder Holes
25:46 Elite Skirmisher
26:38 Forging
26:28 Padded Archer Armor
26:35 Scale Barding Armor
26:59 Great Wall
27:52 Hand Cart
28:18 Heavy Plow
29:24 Town Patrol
30:28 Iron Casting
30:08 Leather Archer Armor
32:58 Imperial Age
34:53 Imperial Age
32:40 Husbandry
33:22 Fortified Wall
Jojo
5:53 Feudal Age
11:24 Castle Age
9:16 Double-Bit Axe
10:14 Horse Collar
12:15 Loom
16:34 Heavy Plow
17:16 Wheelbarrow
18:08 Detinets
17:59 Town Watch
18:36 Bow Saw
18:20 Stone Mining
19:40 Fletching
19:53 Gold Mining
20:29 Padded Archer Armor
21:57 Gold Shaft Mining
21:48 Redemption
22:11 Scale Barding Armor
22:36 Hand Cart
23:45 Caravan
28:49 Imperial Age
28:13 Town Patrol
29:45 Bloodlines
29:37 Husbandry
29:01 Elite Skirmisher
29:04 Elite Boyar
30:45 Chain Barding Armor
31:40 Forging
33:04 Iron Casting
33:06 Plate Barding Armor
33:10 Ballistics
33:30 Conscription
34:24 Leather Archer Armor
34:57 Bodkin Arrow
Connection lost

Rejoining the realm…

Still unreachable

The connection could not be restored.

Session expired

The server has moved on; the page needs a fresh start.